 Dungeon Crawl Stone Soup version 0.26-a0-317-ge2f3d4a7ca (webtiles) character file.

Game seed: 1378433864541587558

103 Gargoyl the Skirmisher (level 4, 0/37 HPs)
             Began as a Palentonga Abyssal Knight on July 16, 2020.
             Was a Follower of Lugonu.
             Slain by an orc
             ... wielding a +0 short sword
              (2 damage)
             ... on level 3 of the Dungeon.
             The game lasted 00:02:59 (2598 turns).

Gargoyl the Skirmisher (Palentonga Abyssal Knight)  Turns: 2598, Time: 00:02:59

Health: 0/37       AC: 11    Str: 15    XL:     4   Next: 51%
Magic:  6/6        EV:  2    Int: 13    God:    Lugonu [*.....]
Gold:   156        SH:  0    Dex: 10    Spells: 3/3 levels left

rFire    + . .     SeeInvis +   a - +1 hand axe
rCold    . . .     Faith    .   (no shield)
rNeg     . . .     Spirit   .   e - +2 plate armour {rF+}
rPois    .         Reflect  .   (no helmet)
rElec    .         Harm     .   (no cloak)
rCorr    .                      (no gloves)
MR       .....                  (boots restricted)
Stlth    ..........             (no amulet)
HPRegen  0.12/turn              (no ring)
MPRegen  0.10/turn              (no ring)

@: no status effects
A: large, rugged brown scales 3, see invisible, deformed body, roll, armoured
tail
a: Rolling Charge, Depart the Abyss, Renounce Religion


You were on level 3 of the Dungeon.
You worshipped Lugonu.
Lugonu was aware of your devotion.
You visited 1 branch of the dungeon, and saw 3 of its levels.
You visited the Abyss 1 time.

You collected 156 gold pieces.

Inventory:

Hand Weapons
 a - a +1 hand axe (weapon)
Missiles
 f - 7 boomerangs (quivered)
Armour
 e - a +2 plate armour of fire resistance (worn)
Scrolls
 b - a scroll of identify {unknown}
 d - 2 scrolls of fear {unknown}
 i - 2 scrolls of amnesia {unknown}
 k - a scroll of magic mapping {unknown}
 l - a scroll of blinking {unknown}
Potions
 g - 2 potions of curing
 h - a potion of heal wounds {unknown}
 j - 2 potions of stabbing {unknown}
Miscellaneous
 c - a lightning rod (4/4)


   Skills:
 + Level 3.4 Fighting
 + Level 2.6 Axes
 * Level 2.6 Armour
 * Level 1.4 Dodging
 * Level 2.7 Invocations


You had 3 spell levels left.
You didn't know any spells.
Your spell library was empty.

Dungeon Overview and Level Annotations

Branches:
Dungeon (3/15)

Altars:
Makhleb


Innate Abilities, Weirdness & Mutations

You are completely covered in rugged brown scales. (AC +3, +7% HP)
You have supernaturally acute eyesight. (SInv)
Armour fits poorly on your strangely shaped body.
You can roll at foes to attack.
You have a long armoured tail.


Message History

The orc hits you but does no damage.
Unknown command.
Your plate armour prevents you from hitting the orc priest.
Your plate armour prevents you from hitting the orc.
The orc hits you but does no damage.
The orc priest hits you but does no damage.
You slash the orc priest!
The orc priest is heavily wounded.
You closely miss the orc. The orc hits you with a +0 short sword.
The orc priest calls down the wrath of Beogh upon you.
Beogh smites you!
Unknown command.
You hit the orc priest.
The orc priest is almost dead.
You hit the orc. The orc hits you but does no damage.
The orc priest invokes the aid of Beogh against you.
Pain shoots through your body!
* * * LOW HITPOINT WARNING * * *
The orc hits you with a +0 short sword.
You die...

#.# #.# #. #.#### #.#
#.###.##.# #.# ..
......# #.#
###.###.##.# #.#.#
..........###.#.#
#.####.###........#.#
.....o..##.##.###.#.#
.....oo@...##.# #.#.#
......oo...##.# #.#.#
##..##..#..##.#
#.#.#### ##
#..#..##.# #......#
#..#..#..##.#
#.#.##.# #.#..#..##.#
#.####.#
###....#..##.# #.#
#.# .........##.###.#
#.# #.#.............#
#.#


You could see an orc priest and 4 orcs.

Vanquished Creatures
  A hound (D:1)
  2 adders
  An ooze (D:2)
  2 worms
  A dart slug (D:1)
  A leopard gecko (D:2)
  8 bats
  3 giant cockroaches
  6 goblins
  6 hobgoblins
  A quokka (D:2)
  A ball python (D:2)
  2 frilled lizards
  6 kobolds
  2 rats (D:1)
43 creatures vanquished.

Notes
Turn   | Place    | Note
-------+----------+-------------------------------------------
     0 | Abyss:1  | Gargoyl the Palentonga Abyssal Knight began the quest for
                  | the Orb.
     0 | Abyss:1  | Reached XP level 1. HP: 19/19 MP: 2/2
     2 | Abyss:1  | Found a corrupted altar of Lugonu.
    31 | Abyss:2  | Noticed a large abomination
    82 | Abyss:2  | Noticed a tentacled starspawn
    83 | D:1      | Escaped the Abyss
   134 | D:1      | Reached * piety under Lugonu
   608 | D:1      | Reached skill level 1 in Dodging
   608 | D:1      | Reached XP level 2. HP: 25/25 MP: 3/3
  1132 | D:1      | Reached XP level 3. HP: 19/31 MP: 4/4
  1406 | D:2      | Reached XP level 4. HP: 19/37 MP: 5/5
  2198 | D:2      | Found a burning altar of Makhleb.
  2598 | D:3      | Slain by an orc

Illustrated notes

Levels and vault maps discovered:
D:1:      lightli_arrival_maybe_door_vault, layout_basic, minmay_tetromino_i4
D:2:      layout_rooms, old_standard_altar
D:3:      layout_basic

Skill      XL: |  1  2 |
---------------+-------+-----
Dodging        | 1 |  1.4
Armour         | 2 |  2.6
Fighting       | |  3.4
Axes           | |  2.6
Invocations    | |  2.7

Action                   |  1- 3 |  4- 6 || total
-------------------------+-------+-------++-------
Melee: Hand axe          |   110 |    62 ||   172
       Tailslap          |     8 |     3 ||    11
Invok: Depart the Abyss  |     1 |       ||     1
 Abil: Rolling Charge    |       |     4 ||     4
  Use: Potion            |     2 |       ||     2
Armor: Plate armour      |   197 |    76 ||   273
Dodge: Dodged            |    29 |     5 ||    34

Table legend:
 A = Non-vault XP
 B = Vault XP
 C = Vault XP percentage of total XP
 D = Non-vault monster count
 E = Vault monster count
 F = Vault count percentage of total count
                 A         B        C        D         E       F
            +---------+---------+-------+---------+---------+-------
      Total |     140 |       8 |   5.4 |      40 |       3 |   7.0
            +---------+---------+-------+---------+---------+-------
        D:1 |      82 |       8 |   8.9 |      21 |       3 |  12.5
        D:2 |      51 |       0 |   0.0 |      17 |       0 |   0.0
        D:3 |       7 |       0 |   0.0 |       2 |       0 |   0.0
            +---------+---------+-------+---------+---------+-------
